 Dungeon Sprint DCSS version 0.31.0-32-g396128a36d (webtiles) character file.

Game seed: 16251679647889701732

76 Heoruswealwe the Poker (level 4, 0/44 HPs)
             Began as a Minotaur Fighter on Mar 13, 2024.
             Incinerated by a bombardier beetle (5 damage)
             ... with a burning spray
             ... in the Dungeon (Sprint IX: "|||||||||||||||||||||||||||||").
             The game lasted 00:00:36 (42 turns).

Heoruswealwe the Poker (Minotaur Fighter)             Turns: 42, Time: 00:00:37

Health: 0/44       AC:  7    Str: 22    XL:     4   Next: 12%
Magic:  3/3        EV:  9    Int:  5    God:
Gold:   0          SH:  4    Dex: 10    Spells: 3/3 levels left

rFire   . . .        a - +0 trident
rCold   . . .        d - +0 buckler
rNeg    . . .        c - +0 scale mail
rPois   .            (helmet restricted)
rElec   .            (no cloak)
rCorr   .            (no gloves)
SInv    .            (no boots)
Will    .....        (no amulet) Stlth
                     (no ring)
HPRegen 0.27/turn    (no ring)
MPRegen 0.08/turn

%: no teleportation
@: on fire, glowing
A: horns 2, retaliatory headbutt
a: no special abilities


You were in the Dungeon.
You visited 1 branch

Inventory:

Hand Weapons
 a - a +0 trident (weapon)
Armour
 c - a +0 scale mail (worn)
 d - a +0 buckler (worn)
Scrolls
 j - a scroll of blinking
Potions
 b - a potion of might
 g - a potion of haste
 h - 2 potions of magic
 i - a potion of berserk rage


   Skills:
 + Level 6.0 Fighting
 * Level 7.2 Polearms
 + Level 6.0 Armour
 - Level 3.6 Shields


You had 3 spell levels left.
You didn't know any spells.
Your spell library was empty.

Dungeon Overview and Level Annotations

Branches:
Dungeon (1/1)

Altars:


Innate Abilities, Weirdness & Mutations

You have a pair of horns on your head.
You reflexively headbutt those who attack you in melee.


Message History

You furiously retaliate!
You headbutt the bombardier beetle!
You kill the bombardier beetle!
Your Fighting skill increases to level 5!
Your Polearms skill gained 2 levels and is now at level 6!
Your Armour skill increases to level 5!
You have reached level 2!
You have reached level 3!
Your experience leads to an increase in your attributes!
Increase (S)trength, (I)ntelligence, or (D)exterity?
You feel stronger. x2
You feel better. The liquid fire burns you!
You puncture the jelly!
Your hands burn!
You headbutt the jelly!
You kill the jelly!
The liquid fire burns you!
* * * LOW HITPOINT WARNING * * *
Your Fighting skill increases to level 6!
Your Polearms skill increases to level 7!
Your Armour skill increases to level 6!
You have reached level 4!
You feel agile.
You feel much better. The liquid fire burns you!
The ogre completely misses you.
You hit the ogre.
The ogre is lightly wounded.
The liquid fire burns you!
You hit the ogre but do no damage.
The ogre is lightly wounded.
The liquid fire burns you! You block the ogre's attack.
You hit the ogre. You headbutt the ogre!
The ogre is heavily wounded.
The liquid fire burns you!
The ogre hits you with a +0 giant spiked club!
* * * LOW HITPOINT WARNING * * *
You puncture the ogre!
The ogre is severely wounded.
The liquid fire burns you!
You die...

▓+▓
▓.▓
▓.▓
▓g▓
▓s▓
▓O▓
▓@▓
▓.▓
▓.▓
▓.▓
▓.▓
▓.▓
▓)▓
▓.▓
▓.▓


You could see an ogre, a gnoll sergeant and a scorpion.

Vanquished Creatures
  A bombardier beetle (D)
  A jelly (D)
  A dart slug (D)
  A giant cockroach (D)
  A goblin (D)
  A bat (D)
  A kobold (D)
7 creatures vanquished.

Notes
Turn   | Place    | Note
-------+----------+-------------------------------------------
     0 | D        | Heoruswealwe the Minotaur Fighter began the quest for the
                  | Orb.
     0 | D        | Reached XP level 1. HP: 19/19 MP: 0/0
     5 | D        | Reached skill level 3 in Polearms
    14 | D        | Reached skill level 4 in Polearms
    24 | D        | Noticed a gnoll sergeant
    24 | D        | Noticed a scorpion
    24 | D        | Noticed an ogre
    24 | D        | Noticed a jelly
    24 | D        | Noticed a bombardier beetle
    35 | D        | Killed a bombardier beetle
    36 | D        | Reached skill level 5 in Fighting
    36 | D        | Reached skill level 6 in Polearms
    36 | D        | Reached skill level 5 in Armour
    36 | D        | Reached XP level 2. HP: 6/29 MP: 1/1
    36 | D        | Reached XP level 3. HP: 8/36 MP: 2/2
    38 | D        | Reached skill level 7 in Polearms
    38 | D        | Reached XP level 4. HP: 8/44 MP: 3/3
    42 | D        | Incinerated by a bombardier beetle

Illustrated notes

Levels and vault maps discovered:
D:        linesprint [early_d, line_temple, items_1, d_10, items_2, lair_1,
          lair_end, items_3, orc_1, orc_end, items_4, d_15, swamp_1, shoals_1,
          snake_1, spider_1, d_20, vaults_1, items_5, swamp_end, shoals_end,
          snake_end, spider_end, vaults_end, d_27, items_6, zot_1, zot_end,
          crypt_end, forest_end, elf_end, slime_end, tomb_end, abyss_end,
          pan_hell_end]

Skill      XL: |  1  2  3 |
---------------+----------+-----
Polearms       | 6 7 |  7.2
Fighting       | 5 6 |  6.0
Armour         | 5 6 |  6.0
Shields        | |  3.6

Action                     |  1- 3 |  4- 6 || total
---------------------------+-------+-------++-------
  Melee: Trident           |    18 |     4 ||    22
         Headbutt          |     4 |     1 ||     5
    Use: Potion            |     1 |     1 ||     2
 Armour: Scale mail        |     5 |     1 ||     6
  Dodge: Dodged            |     7 |     1 ||     8
  Block: Buckler           |     3 |     1 ||     4
